[Event "Titled Tuesday Blitz October 31 Late 2023"]
[White "Hakobyan, Aram"]
[Black "Eljanov, Pavel"]
[WhiteFideId "13306677"]
[BlackFideId "14102951"]
[WhiteElo "3059"]
[BlackElo "2829"]
[Result "0-1"]
[Round "6"]
[TimeControl "180+1"]
[Date "2023.10.31"]
[WhiteClock "0:00:00"]
[BlackClock "0:00:19"]
[Board "6"]

1. d4 d5 2. c4 e6 3. Nc3 Nf6 4. Bg5 Be7 5. e3 h6 6. Bf4 O-O 7. Nf3 c5 8. dxc5 Bxc5 9. Be2 Nc6 10. O-O dxc4 11. Qc2 Nb4 12. Qb1 Nd3 13. Ne5 Nxf4 14. exf4 Qd4 15. g3 a6 16. Qc2 Ba7 17. Rad1 Qc5 18. Ne4 Qe7 19. Nxf6+ gxf6 20. Nxc4 b5 21. Bf3 Bb7 22. Bxb7 Qxb7 23. Na5 Qf3 24. Nc6 Kg7 25. Nxa7 Rxa7 26. Rd3 Qe4 27. Rfd1 Rd7 28. Qd2 Rxd3 29. Qxd3 Qxd3 30. Rxd3 Rc8 31. Ra3 Rc6 32. Kg2 e5 33. f5 h5 34. Kf3 h4 35. g4 Rc2 36. b4 Rc4 37. Rxa6 Rf4+ 38. Ke3 Rxg4 39. a3 Rg2 40. Ra5 Rxh2 41. Rxb5 h3 42. Rc5 Rh1 43. Kf3 Rg1 0-1


[Site "https://www.chess.com"]

[Event "Titled Tuesday Blitz October 31 Late 2023"]
[White "Le, Quang Liem"]
[Black "Szpar, Milosz"]
[WhiteFideId "12401137"]
[BlackFideId "1184989"]
[WhiteElo "3044"]
[BlackElo "2773"]
[Result "1-0"]
[Round "6"]
[TimeControl "180+1"]
[Date "2023.10.31"]
[WhiteClock "0:01:06"]
[BlackClock "0:00:10"]
[Board "7"]

1. Nf3 d5 2. e3 c5 3. b3 Nf6 4. Bb2 g6 5. c4 dxc4 6. Bxc4 Bg7 7. O-O O-O 8. Qe2 Nc6 9. Rd1 Bg4 10. h3 Bxf3 11. Qxf3 Qc7 12. Nc3 Rad8 13. Rac1 a6 14. Be2 Nd7 15. Qe4 e6 16. f4 b5 17. Bf3 Ne7 18. Ba1 Nf5 19. Qb7 Qa5 20. a4 Nd6 21. Qa7 Nc8 22. Qb7 Nd6 23. Qc6 Nb8 24. Qxc5 Nf5 25. b4 Nd7 26. Qxf8+ 1-0


[Site "https://www.chess.com"]

[Event "Titled Tuesday Blitz October 31 Late 2023"]
[White "Paravyan, David"]
[Black "Asadli, Vugar"]
[WhiteFideId "4194985"]
[BlackFideId "13405764"]
[WhiteElo "3043"]
[BlackElo "2864"]
[Result "1/2-1/2"]
[Round "6"]
[TimeControl "180+1"]
[Date "2023.10.31"]
[WhiteClock "0:00:07"]
[BlackClock "0:00:13"]
[Board "8"]

1. e4 c5 2. Nf3 Nc6 3. Bb5 d6 4. O-O Bd7 5. Re1 Nf6 6. a4 g6 7. c3 a6 8. Bxc6 Bxc6 9. e5 dxe5 10. Nxe5 Bd5 11. a5 Bg7 12. Qa4+ Nd7 13. d4 cxd4 14. cxd4 Bxe5 15. dxe5 O-O 16. Nc3 Bc6 17. Qh4 Nc5 18. Bg5 Re8 19. Rad1 Qc7 20. Nd5 Bxd5 21. Rxd5 Ne6 22. Be3 Qc6 23. Red1 Qc2 24. Qb4 Rad8 25. Rxd8 Nxd8 26. Rc1 Qd3 27. h3 Qd5 28. Rc8 Qd7 29. Ra8 h5 30. Qb6 Qd1+ 31. Kh2 Qd5 32. f4 h4 33. Rc8 Rf8 34. Qc5 Qe4 35. Qd4 Qxd4 36. Bxd4 Nc6 37. Rxf8+ Kxf8 38. Bc3 Ke8 39. Be1 Kd7 40. Bxh4 Nxa5 41. Be1 Nc4 42. Bc3 b5 43. g4 a5 44. h4 b4 45. Bd4 Ke8 46. h5 gxh5 47. gxh5 Kf8 48. Kg3 a4 49. Kf3 a3 50. bxa3 bxa3 51. Ke4 a2 52. Kd3 Nb6 53. f5 Nd5 54. Ke4 e6 55. fxe6 fxe6 56. Kf3 Kg7 57. Kg4 Kh6 58. Bb2 Nb4 59. Bc1+ Kh7 60. Bb2 Nc2 61. Kg5 a1=Q 62. Bxa1 Nxa1 63. Kf6 Nc2 64. Kxe6 Nd4+ 65. Kd5 Nf5 66. e6 Ne7+ 67. Kd6 Nf5+ 68. Ke5 Ne7 69. Kd6 Nf5+ 70. Ke5 Ne7 71. Kd6 1/2-1/2


[Site "https://www.chess.com"]

[Event "Titled Tuesday Blitz October 31 Late 2023"]
[White "Pranav, V"]
[Black "Gokerkan, Cem Kaan"]
[WhiteFideId "25060783"]
[BlackFideId "6336760"]
[WhiteElo "3040"]
[BlackElo "2863"]
[Result "1-0"]
[Round "6"]
[TimeControl "180+1"]
[Date "2023.10.31"]
[WhiteClock "0:01:41"]
[BlackClock "0:00:14"]
[Board "9"]

1. Nf3 Nf6 2. g3 g6 3. Bg2 Bg7 4. O-O O-O 5. d3 d5 6. Nbd2 c5 7. e4 dxe4 8. dxe4 Nc6 9. Re1 e5 10. c3 h6 11. Qc2 Qc7 12. Nc4 Be6 13. Ne3 Rfd8 14. b3 b5 15. Bb2 a5 16. Bf1 b4 17. Rac1 Rac8 18. Qb1 bxc3 19. Bxc3 Qb8 20. Bc4 Nd4 21. Nd2 Bxc4 22. Nexc4 a4 23. bxa4 Qa7 24. Bxd4 Rxd4 25. Nf3 Rdd8 26. Nfxe5 Nd7 27. Nxd7 Rxd7 28. e5 Rd4 29. e6 fxe6 30. Qxg6 Rf8 31. Qxe6+ Kh8 32. a5 Qa8 33. Re3 Rdd8 34. Ne5 Rde8 35. Ng6+ Kh7 36. Nxf8+ 1-0


[Site "https://www.chess.com"]

[Event "Titled Tuesday Blitz October 31 Late 2023"]
[White "Pakleza, Zbigniew"]
[Black "Terry, Renato"]
[WhiteFideId "1119290"]
[BlackFideId "3803457"]
[WhiteElo "2824"]
[BlackElo "3015"]
[Result "1-0"]
[Round "6"]
[TimeControl "180+1"]
[Date "2023.10.31"]
[WhiteClock "0:00:06"]
[BlackClock "0:00:04"]
[Board "10"]

1. d4 Nf6 2. Nf3 d6 3. Bf4 Nh5 4. Bg5 h6 5. Bh4 g5 6. Bg3 Bg7 7. c3 b6 8. Nbd2 Bb7 9. e3 Nd7 10. Qb3 e6 11. a4 a5 12. Bb5 O-O 13. O-O-O Ndf6 14. Be2 Qe7 15. Bd3 Nd5 16. Bb1 f5 17. Rde1 Ndf6 18. Bd3 Ne4 19. Rhf1 Kh8 20. Qc2 Nhf6 21. Re2 Rad8 22. h4 Nxg3 23. fxg3 g4 24. Ng1 Nh5 25. Ref2 Nxg3 26. Re1 Qxh4 27. Ne2 e5 28. Nxg3 Qxg3 29. Nf1 Qh4 30. g3 Qh1 31. Bxf5 Bf3 32. Kd2 e4 33. Nh2 Qxe1+ 34. Kxe1 Rxf5 35. Nxf3 Rxf3 36. Qxe4 Rxg3 37. Ke2 Rg8 38. Rg2 Rxg2+ 39. Qxg2 Bf6 40. Qh1 Bg5 41. Qh5 g3 42. Kf3 Rf8+ 43. Kxg3 Bxe3 44. Qb5 Kg7 45. Qc6 Rf7 46. Qe4 Bg5 47. b3 h5 48. b4 Bd2 49. bxa5 bxa5 50. Qd3 Be1+ 51. Kg2 Rf2+ 52. Kg1 Rf7 53. c4 Rf4 54. d5 Bf2+ 55. Kh1 Bh4 56. Qd2 Bg5 57. Qxa5 Rxc4 58. Kg2 Rc2+ 59. Kf3 Rc5 60. Qa7 Kf6 61. a5 Ke5 62. a6 Rc3+ 63. Ke2 Be3 64. Qxe3+ Rxe3+ 65. Kxe3 Kxd5 66. a7 c6 67. a8=Q Kc5 68. Qa5+ Kc4 69. Qxh5 d5 70. Qg4+ Kc5 71. Qd4+ Kb5 72. Kd3 1-0


[Site "https://www.chess.com"]

[Event "Titled Tuesday Blitz October 31 Late 2023"]
[White "Kobo, Ori"]
[Black "Yoo, Christopher Woojin"]
[WhiteFideId "2812320"]
[BlackFideId "30909694"]
[WhiteElo "2816"]
[BlackElo "3004"]
[Result "0-1"]
[Round "6"]
[TimeControl "180+1"]
[Date "2023.10.31"]
[WhiteClock "0:00:10"]
[BlackClock "0:01:31"]
[Board "11"]

1. d4 Nf6 2. c4 d6 3. Nf3 Nbd7 4. Nc3 e5 5. e4 c6 6. Be2 g6 7. O-O Bg7 8. Re1 O-O 9. Bf1 Re8 10. Be3 Ng4 11. Bg5 Bf6 12. Bxf6 Ngxf6 13. Qd2 Qa5 14. Rad1 exd4 15. Qxd4 Ne5 16. Qxd6 Nxf3+ 17. gxf3 Be6 18. b4 Qa3 19. Re3 Rad8 20. Qe5 Rxd1 21. Nxd1 Qc1 22. Qxf6 Qxd1 23. Rd3 Qe1 24. Rd8 Rxd8 25. Qxd8+ Kg7 26. Qd4+ f6 27. Qe3 Qb1 28. Kg2 Bh3+ 29. Kxh3 Qxf1+ 30. Kg3 Qg1+ 31. Kh3 g5 32. Qd4 h5 33. Qd7+ Kh6 34. Qe6 Qf1+ 35. Kg3 h4+ 36. Kg4 Qg2+ 37. Kf5 Qxf3# 0-1


[Site "https://www.chess.com"]

[Event "Titled Tuesday Blitz October 31 Late 2023"]
[White "Bortnyk, Mykola"]
[Black "Holt, Conrad"]
[WhiteFideId "14120836"]
[BlackFideId "2034387"]
[WhiteElo "2998"]
[BlackElo "2812"]
[Result "1-0"]
[Round "6"]
[TimeControl "180+1"]
[Date "2023.10.31"]
[WhiteClock "0:00:06"]
[BlackClock "0:00:00"]
[Board "12"]

1. e4 e6 2. d4 d5 3. exd5 exd5 4. c4 Bb4+ 5. Bd2 Bxd2+ 6. Qxd2 Ne7 7. Nc3 O-O 8. Nf3 Nbc6 9. h3 Re8 10. Be2 dxc4 11. O-O-O Na5 12. d5 Nf5 13. Nb5 Bd7 14. Nbd4 b6 15. Rhe1 Nxd4 16. Qxd4 Ba4 17. Rd2 Qe7 18. Qc3 Qc5 19. Nd4 Qxd5 20. Rf1 Rad8 21. Bf3 Qg5 22. h4 Qxh4 23. Bd1 Bxd1 24. Rfxd1 Qf6 25. g4 c5 26. Nb5 Rxd2 27. Qxd2 Nc6 28. g5 Qe7 29. Qd7 Qxd7 30. Rxd7 a6 31. Nc3 b5 32. a3 Nd4 33. f4 1-0


[Site "https://www.chess.com"]

[Event "Titled Tuesday Blitz October 31 Late 2023"]
[White "Oparin, Grigoriy"]
[Black "Brodsky, David"]
[WhiteFideId "24125890"]
[BlackFideId "2073250"]
[WhiteElo "2969"]
[BlackElo "2807"]
[Result "0-1"]
[Round "6"]
[TimeControl "180+1"]
[Date "2023.10.31"]
[WhiteClock "0:01:26"]
[BlackClock "0:00:05"]
[Board "13"]

1. Nc3 d5 2. e4 dxe4 3. Nxe4 Bf5 4. Ng3 Bg6 5. Nf3 e6 6. h4 h6 7. Ne5 Bh7 8. Qf3 Qf6 9. Qxb7 Qxe5+ 10. Be2 c6 11. d4 Qa5+ 12. Bd2 Qb6 13. Qxa8 Bd6 14. a4 Nf6 15. a5 Qxb2 16. O-O Bxg3 17. Rab1 Bxf2+ 18. Kxf2 Qxd4+ 19. Be3 Ne4+ 20. Ke1 Qc3+ 21. Kd1 Nf2+ 22. Rxf2 Bxc2+ 23. Kc1 Bd3+ 24. Kd1 Bc2+ 25. Kc1 Bb3# 0-1


[Site "https://www.chess.com"]

[Event "Titled Tuesday Blitz October 31 Late 2023"]
[White "Daneshvar, Bardiya"]
[Black "Darini, Pouria"]
[WhiteFideId "12576468"]
[BlackFideId "12502200"]
[WhiteElo "2950"]
[BlackElo "2753"]
[Result "1-0"]
[Round "6"]
[TimeControl "180+1"]
[Date "2023.10.31"]
[WhiteClock "0:01:24"]
[BlackClock "0:00:00"]
[Board "14"]

1. b3 d5 2. Bb2 Bf5 3. d3 Nc6 4. Nf3 Nf6 5. g3 e6 6. Bg2 Be7 7. Nbd2 O-O 8. O-O a5 9. a3 h6 10. e3 Bh7 11. Qe2 Nd7 12. e4 Bf6 13. e5 Be7 14. Rfe1 Nb6 15. Qe3 Qd7 16. h4 Rad8 17. Qf4 d4 18. Ne4 Nd5 19. Qd2 Nb6 20. Bc1 Nd5 21. Qe2 Nc3 22. Nxc3 dxc3 23. Be3 Bf5 24. d4 Qd5 25. Red1 Bg4 26. Rd3 Qe4 27. Rxc3 f6 28. Re1 fxe5 29. Nxe5 Qxg2+ 30. Kxg2 Bxe2 31. Rxe2 Nxd4 32. Bxd4 Rxd4 33. Rxc7 Bxa3 34. Rxb7 Bd6 35. Nc4 Bb4 36. Rxe6 Bc3 37. Re3 Ba1 38. Ra7 Rd5 39. Rxa5 Rxa5 40. Nxa5 Bd4 41. Rf3 Rc8 42. Nc4 Re8 43. Rd3 Bc5 44. c3 Re2 45. Rd2 Re4 46. Kf3 Re7 47. Ne3 Rf7+ 48. Ke4 Rc7 49. Nd5 Rf7 50. f4 Rf8 51. b4 Re8+ 52. Kd3 Bg1 53. Re2 Rd8 54. c4 Ra8 55. h5 Ra3+ 56. Ke4 Rxg3 57. c5 Kf7 58. Rc2 Rb3 59. c6 1-0


[Site "https://www.chess.com"]

[Event "Titled Tuesday Blitz October 31 Late 2023"]
[White "Chigaev, Maksim"]
[Black "Harikrishnan.A.Ra"]
[WhiteFideId "4108116"]
[BlackFideId "5081483"]
[WhiteElo "2943"]
[BlackElo "2746"]
[Result "1-0"]
[Round "6"]
[TimeControl "180+1"]
[Date "2023.10.31"]
[WhiteClock "0:00:06"]
[BlackClock "0:00:02"]
[Board "15"]

1. e4 e5 2. Nf3 Nf6 3. d3 Nc6 4. g3 g6 5. Bg2 Bg7 6. O-O O-O 7. Re1 Re8 8. Nbd2 d5 9. exd5 Nxd5 10. a3 Bg4 11. h3 Be6 12. Rb1 Qd7 13. Ng5 Bf5 14. g4 Be6 15. Nxe6 Rxe6 16. Ne4 b6 17. g5 Rae8 18. c3 Nce7 19. Qg4 Nf5 20. h4 Nf4 21. Bxf4 exf4 22. d4 Nd6 23. d5 R6e7 24. Qxd7 Rxd7 25. Nxd6 Rxe1+ 26. Rxe1 cxd6 27. Re8+ Bf8 28. Kf1 Kg7 29. Bf3 Be7 30. Rc8 h6 31. gxh6+ Kxh6 32. h5 gxh5 33. Rh8+ Kg6 34. Bxh5+ Kg5 35. Bxf7 Rd8 36. Rh5+ Kf6 37. Be6 Kg6 38. Rh1 Bf6 39. Ke2 Rh8 40. Rg1+ Bg5 41. Kf3 Kf6 42. Bg4 Re8 43. Rh1 Kg7 44. Be6 Rh8 45. Rxh8 Kxh8 46. Kg4 Bh6 47. f3 Kg7 48. Kf5 Kf8 49. c4 Ke7 50. b4 Bg7 51. Kxf4 Bb2 52. a4 Bc3 53. c5 bxc5 54. bxc5 dxc5 55. Ke4 Kd6 56. Kd3 Be5 57. Kc4 a5 58. Bf5 Bf4 59. Bc2 Bd2 60. Bb3 Be3 61. Kb5 Bd2 62. Bc4 Bb4 63. Ba2 Bc3 64. Kc4 Bd2 65. Bb1 Be1 66. f4 Bd2 67. f5 Bg5 68. Be4 Bd8 69. Bc2 Bf6 70. Bb3 Bg5 71. Kb5 Bd8 72. Bc4 Kc7 73. Kxc5 Be7+ 74. Kb5 Bb4 75. f6 Bc3 76. f7 Bb4 77. Bd3 Kd7 78. Bf5+ Ke7 79. Be6 Kf8 80. d6 Bxd6 81. Kxa5 Ke7 82. Bd5 Kd8 83. Kb6 Bf8 84. a5 Kc8 85. a6 Bh6 86. a7 Be3+ 87. Ka6 1-0


[Site "https://www.chess.com"]

[Event "Titled Tuesday Blitz October 31 Late 2023"]
[White "Korchmar, Vasiliy"]
[Black "Sjugirov, Sanan"]
[WhiteFideId "24131750"]
[BlackFideId "4189302"]
[WhiteElo "2743"]
[BlackElo "2943"]
[Result "0-1"]
[Round "6"]
[TimeControl "180+1"]
[Date "2023.10.31"]
[WhiteClock "0:00:00"]
[BlackClock "0:00:05"]
[Board "16"]

1. e4 c5 2. d4 cxd4 3. Qxd4 Nc6 4. Qd3 e6 5. Nc3 a6 6. Bf4 b5 7. O-O-O Nf6 8. e5 Nh5 9. Bd2 Nxe5 10. Qe2 b4 11. Nd5 Qa5 12. Bxb4 Bxb4 13. Qxe5 Nf6 14. Nc7+ Ke7 15. Qxa5 Bxa5 16. Nxa8 Bb7 17. b4 Bd8 18. Nf3 a5 19. bxa5 Bxa5 20. Bb5 Rxa8 21. Ne5 Bc3 22. Nc4 Rxa2 23. Nd2 Ra1+ 24. Nb1 Bd5 25. Rd3 Ba2 0-1


[Site "https://www.chess.com"]

[Event "Titled Tuesday Blitz October 31 Late 2023"]
[White "Khismatullin, Denis"]
[Black "Gedajlovic, Max"]
[WhiteFideId "4142578"]
[BlackFideId "2616840"]
[WhiteElo "2938"]
[BlackElo "2740"]
[Result "1-0"]
[Round "6"]
[TimeControl "180+1"]
[Date "2023.10.31"]
[WhiteClock "0:00:57"]
[BlackClock "0:00:22"]
[Board "17"]

1. e4 e6 2. d4 d5 3. exd5 exd5 4. Nf3 Nf6 5. Bd3 c5 6. O-O c4 7. Re1+ Be7 8. Bf1 O-O 9. b3 cxb3 10. axb3 Nc6 11. h3 Bf5 12. c3 h6 13. Na3 a6 14. Nc2 Rc8 15. Ne3 Be4 16. Bb2 Re8 17. Ne5 Bd6 18. f3 Bh7 19. f4 Ne7 20. c4 Nf5 21. Nxf5 Bxf5 22. c5 Bxe5 23. dxe5 Ne4 24. b4 Qh4 25. Qf3 Rcd8 26. Rad1 a5 27. bxa5 Nxc5 28. Bd4 Ne6 29. Bb6 Be4 30. Bxd8 Qxd8 31. Rxe4 1-0


[Site "https://www.chess.com"]

[Event "Titled Tuesday Blitz October 31 Late 2023"]
[White "Piesik, Piotr"]
[Black "Ibarra Jerez, Jose Carlos"]
[WhiteFideId "1136194"]
[BlackFideId "2226332"]
[WhiteElo "2672"]
[BlackElo "2917"]
[Result "0-1"]
[Round "6"]
[TimeControl "180+1"]
[Date "2023.10.31"]
[WhiteClock "0:02:10"]
[BlackClock "0:02:13"]
[Board "18"]

1. Nf3 Nf6 2. g3 g6 3. Bg2 Bg7 4. O-O O-O 5. d4 d6 6. Nbd2 Nbd7 7. e4 e5 8. dxe5 dxe5 9. Qe2 b6 10. b3 a5 11. Rd1 Ba6 12. Qe1 Re8 13. a4 Bf8 14. Bf1 Bb7 15. Bb2 Qc8 16. Bd3 Bg7 17. Nc4 Nc5 18. Nfxe5 Nfxe4 19. Qf1 Ng5 20. f4 Nh3+ 0-1


[Site "https://www.chess.com"]

[Event "Titled Tuesday Blitz October 31 Late 2023"]
[White "Luczak, Filip"]
[Black "Zhigalko, Sergei"]
[WhiteFideId "1193686"]
[BlackFideId "13502956"]
[WhiteElo "2661"]
[BlackElo "2911"]
[Result "0-1"]
[Round "6"]
[TimeControl "180+1"]
[Date "2023.10.31"]
[WhiteClock "0:00:19"]
[BlackClock "0:00:05"]
[Board "19"]

1. d4 Nf6 2. Nc3 d5 3. Bf4 a6 4. e3 e6 5. g4 c5 6. g5 Nfd7 7. Nf3 Nc6 8. Qd2 b5 9. h4 Bb7 10. h5 Qa5 11. h6 O-O-O 12. Bh3 g6 13. O-O Nb6 14. dxc5 Bxc5 15. a3 Nc4 16. Qc1 Bd6 17. b3 Qxc3 18. bxc4 Bxf4 19. cxb5 axb5 20. Rb1 Bc7 21. Rxb5 d4 22. Qb1 Ba6 23. Rb3 Qc5 24. Re1 Rd5 25. exd4 Nxd4 26. Nxd4 Rxd4 27. Rxe6 Qxg5+ 28. Rg3 Qxg3+ 29. fxg3 fxe6 30. Qa1 Bb6 31. Bxe6+ Kb8 32. Kh2 Re8 33. Bg4 Rxg4 34. Qg7 Rge4 35. Qxh7 Re2+ 36. Kh3 Bc8+ 37. g4 R8e3+ 38. Kh4 Bd8+ 39. g5 Rh2# 0-1


[Site "https://www.chess.com"]

[Event "Titled Tuesday Blitz October 31 Late 2023"]
[White "Tologon tegin, Semetei"]
[Black "Kovalev, Vladislav"]
[WhiteFideId "13800574"]
[BlackFideId "13504398"]
[WhiteElo "2551"]
[BlackElo "2905"]
[Result "0-1"]
[Round "6"]
[TimeControl "180+1"]
[Date "2023.10.31"]
[WhiteClock "0:00:06"]
[BlackClock "0:00:17"]
[Board "20"]

1. Nc3 d5 2. d4 Nf6 3. Bg5 Nbd7 4. e3 e6 5. a3 c5 6. Nf3 Qb6 7. Rb1 Ne4 8. Nxe4 dxe4 9. Ne5 cxd4 10. exd4 Nxe5 11. dxe5 Bc5 12. Qd2 O-O 13. Bc4 h6 14. Bf4 Rd8 15. Qe2 Bd7 16. O-O Bc6 17. b4 Bd4 18. Rb3 Qc7 19. b5 Be8 20. c3 Bxe5 21. Bxe5 Qxe5 22. Rb4 Rac8 23. Bb3 f5 24. f3 Rxc3 25. fxe4 f4 26. Qg4 Bf7 27. Qxf4 Qxf4 28. Rxf4 Rdd3 29. Bc4 Rd1+ 30. Rf1 Rxf1+ 31. Bxf1 Rxa3 32. b6 a5 33. Rc4 Rb3 34. Rc5 Rxb6 35. Rxa5 Be8 36. e5 Bc6 37. h3 Kf7 38. Kh2 Ke7 39. Bd3 Rb2 40. Bf1 Rd2 41. Ra8 Rd5 42. Rg8 Kf7 43. Rc8 Rxe5 44. Rc7+ Kf6 45. Be2 Rxe2 0-1


[Site "https://www.chess.com"]

[Event "Titled Tuesday Blitz October 31 Late 2023"]
[White "Grigoriants, Sergey"]
[Black "Sturt, Raven"]
[WhiteFideId "4130804"]
[BlackFideId "2007304"]
[WhiteElo "2895"]
[BlackElo "2545"]
[Result "1-0"]
[Round "6"]
[TimeControl "180+1"]
[Date "2023.10.31"]
[WhiteClock "0:00:17"]
[BlackClock "0:00:00"]
[Board "21"]

1. d4 f5 2. Bg5 g6 3. e3 Bg7 4. h4 h6 5. Bf4 Nf6 6. Nf3 e6 7. Ne5 O-O 8. Nxg6 Re8 9. Nc3 d6 10. h5 Nc6 11. Bc4 Kh7 12. Bg3 a6 13. a3 b5 14. Ba2 b4 15. axb4 Nxb4 16. Bb3 Bb7 17. O-O Qc8 18. Ra5 Nc6 19. Ra4 Nd8 20. Nf4 Bc6 21. Ra2 Bb7 22. Qd3 Nf7 23. Bxe6 Rxe6 24. Qxf5+ Kg8 25. Nxe6 Ng5 26. Nxg7 Kxg7 27. Qxc8 Rxc8 28. Bh4 Ngh7 29. Bxf6+ Nxf6 30. f3 Nxh5 31. Kf2 Kg6 32. Rfa1 Rb8 33. b3 Ra8 34. Ra5 Ng7 35. Nd5 Ne6 36. Nf4+ Nxf4 37. exf4 Rf8 38. f5+ Kg7 39. g4 Re8 40. Re1 Rc8 41. Re7+ Kf6 42. Re6+ Kg7 43. Kg3 h5 44. gxh5 Kf7 45. Kf4 Rh8 46. h6 Rg8 47. Rg6 Re8 48. Rg7+ Kf6 49. Rxc7 1-0


[Site "https://www.chess.com"]

[Event "Titled Tuesday Blitz October 31 Late 2023"]
[White "BardArtem"]
[Black "Elsa167"]
[WhiteElo "2710"]
[BlackElo "2957"]
[Result "1/2-1/2"]
[Round "6"]
[TimeControl "180+1"]
[Date "2023.10.31"]
[WhiteClock "0:00:02"]
[BlackClock "0:00:07"]
[Board "22"]

1. e4 e6 2. d4 d5 3. Nc3 Bb4 4. Ne2 dxe4 5. a3 Bxc3+ 6. Nxc3 Nc6 7. Bf4 Nf6 8. Bb5 Bd7 9. d5 exd5 10. Nxd5 Nxd5 11. Qxd5 O-O 12. O-O-O Qf6 13. Be3 Bf5 14. Bxc6 bxc6 15. Qd4 Qg6 16. h3 a5 17. g4 Be6 18. Qe5 a4 19. Qxc7 Bd5 20. Qe5 Rfe8 21. Qc3 Rab8 22. h4 Qe6 23. h5 h6 24. g5 hxg5 25. h6 Qf6 26. Bd4 Qf4+ 27. Kb1 f6 28. hxg7 Kxg7 29. Bxf6+ Kg6 30. Bd4 e3 31. fxe3 Qe4 32. Rhg1 Rb3 33. Qe1 Rxe3 34. Qxe3 Qxe3 35. Bxe3 Rxe3 36. Rd4 Kf5 37. Rdg4 Re1+ 38. Rxe1 Kxg4 39. c4 Bf3 40. Kc2 Kg3 41. Rg1+ Kf4 42. Kd2 g4 43. Rc1 g3 44. Ke1 Ke3 45. Rc3+ Kf4 46. Kf1 Be4 47. Kg1 c5 48. b3 axb3 49. Rxb3 Ke5 50. a4 Kd4 51. a5 Kxc4 52. Ra3 g2 53. a6 Kb5 54. a7 Ba8 55. Rb3+ Ka6 56. Ra3+ Kb6 57. Ra1 c4 58. Kf2 c3 59. Kg1 Kc5 60. Kf2 Kc4 61. Rb1 c2 62. Rb8 Kd3 63. Rd8+ Ke4 64. Re8+ Kd3 65. Rd8+ Ke4 66. Re8+ Kd4 67. Rd8+ Bd5 68. Rxd5+ Kc4 69. a8=Q g1=Q+ 70. Kxg1 c1=Q+ 71. Kf2 Qf4+ 72. Kg1 Qg3+ 73. Kf1 Qf3+ 74. Ke1 Qxd5 75. Qxd5+ Kxd5 1/2-1/2


[Site "https://www.chess.com"]

[Event "Titled Tuesday Blitz October 31 Late 2023"]
[White "Pantev, Veselin"]
[Black "Ilamparthi A R"]
[WhiteFideId "2901390"]
[BlackFideId "45015775"]
[WhiteElo "2682"]
[BlackElo "2927"]
[Result "0-1"]
[Round "6"]
[TimeControl "180+1"]
[Date "2023.10.31"]
[WhiteClock "0:00:47"]
[BlackClock "0:00:14"]
[Board "23"]

1. d4 Nf6 2. Bf4 g6 3. e3 Bg7 4. Be2 O-O 5. Nf3 d6 6. c4 Nbd7 7. Nc3 b6 8. Qc2 Bb7 9. O-O Re8 10. Rfd1 c5 11. d5 a6 12. a4 Nh5 13. Bg5 Rf8 14. e4 h6 15. Be3 Nhf6 16. h3 Bc8 17. Qd2 Kh7 18. Bd3 Ng8 19. Re1 e5 20. dxe6 fxe6 21. Rad1 Rxf3 22. gxf3 Bd4 23. f4 e5 24. Nd5 Ndf6 25. Bxd4 cxd4 26. Bf1 Nxd5 27. exd5 Qf6 28. fxe5 dxe5 29. f4 exf4 30. Qxd4 Qg5+ 31. Kh1 Bf5 32. Bg2 Rf8 33. Rf1 Qh5 34. Qxf4 g5 35. Qg3 g4 36. Rde1 gxh3 37. Bf3 Qg5 38. Qxg5 hxg5 39. d6 Rd8 40. Bc6 Rxd6 41. Rxf5 Rxc6 42. Rxg5 Rxc4 43. Re3 Rc1+ 44. Kh2 Rc2+ 45. Kxh3 Rxb2 46. Re4 Rb3+ 47. Kg2 Nh6 48. Rh4 Rc3 49. Re5 Rc6 50. Kf3 Kg6 51. Ke2 Nf7 52. Rd5 Kf6 53. Rhd4 Ke6 54. Rh5 Rc1 55. Kd2 Rc6 56. Rf4 Ne5 57. Rh6+ Kd5 58. Rxc6 Nxc6 59. Kc3 b5 60. axb5 axb5 61. Rh4 Kc5 62. Rh5+ Kb6 63. Rg5 Na5 64. Kd4 Nc6+ 65. Kd5 Nb4+ 66. Kd6 Na6 67. Rg1 b4 68. Kd5 Kb5 69. Kd4 Nc7 70. Rg7 Ne6+ 71. Ke5 Nxg7 0-1


[Site "https://www.chess.com"]

[Event "Titled Tuesday Blitz October 31 Late 2023"]
[White "Mahdavi, Reza"]
[Black "Al-Tarboush, Ward"]
[WhiteFideId "12595926"]
[BlackFideId "7601450"]
[WhiteElo "2923"]
[BlackElo "2657"]
[Result "1/2-1/2"]
[Round "6"]
[TimeControl "180+1"]
[Date "2023.10.31"]
[WhiteClock "0:00:18"]
[BlackClock "0:00:08"]
[Board "24"]

1. e4 c5 2. Nf3 e6 3. d4 cxd4 4. Nxd4 a6 5. c4 Nf6 6. Nc3 Qc7 7. Be2 Bb4 8. Qb3 Bxc3+ 9. Qxc3 Nxe4 10. Qa3 Qc5 11. Qxc5 Nxc5 12. Bf4 Nc6 13. Nxc6 bxc6 14. b4 Ne4 15. Bf3 f5 16. Bxe4 fxe4 17. Bd6 a5 18. b5 cxb5 19. cxb5 Bb7 20. Rc1 Rc8 21. Kd2 Kf7 22. Ke3 a4 23. a3 h5 24. h4 Rxc1 25. Rxc1 Rc8 26. Rxc8 Bxc8 27. Kd4 Bb7 28. Kc5 e3 29. f3 e2 30. Bg3 e5 31. Kd6 e4 32. fxe4 Bxe4 33. Ke5 Bxg2 34. Kd4 Ke6 35. Ke3 Kd5 36. Kxe2 Kc5 37. Ke3 Kxb5 38. Kd4 g6 39. Bd6 Kc6 40. Be7 d5 41. Bg5 Bf3 42. Bf6 Be4 43. Bg5 Kd6 44. Bd8 Ke6 45. Bg5 Kf5 46. Bd8 Kf4 47. Bg5+ Kf3 48. Bf6 Ke2 49. Be7 Kd2 50. Bd8 Kc2 51. Be7 Kb2 52. Bd6 g5 53. hxg5 h4 54. g6 Bxg6 55. Kxd5 h3 56. Kd4 Kb3 57. Ke3 Bf5 58. Kd2 Be6 59. Kc1 Bd7 60. Kb1 Bf5+ 61. Ka1 Kc2 62. Bh2 Be6 63. Bb8 Bb3 64. Bh2 Kd2 65. Bb8 Ke2 66. Bh2 Kf2 67. Bb8 Kg2 68. Bc7 h2 69. Bxh2 Kxh2 70. Kb2 Kg3 71. Ka1 Kf3 72. Kb2 Ke3 73. Ka1 Kd3 74. Kb2 Kc4 75. Ka1 Kc3 76. Kb1 Bd5 77. Ka1 Kb3 78. Kb1 Kxa3 79. Ka1 Ba2 1/2-1/2


[Site "https://www.chess.com"]

[Event "Titled Tuesday Blitz October 31 Late 2023"]
[White "Cordova, Emilio"]
[Black "Schwabeneder, Florian"]
[WhiteFideId "3801497"]
[BlackFideId "1626191"]
[WhiteElo "2920"]
[BlackElo "2648"]
[Result "1/2-1/2"]
[Round "6"]
[TimeControl "180+1"]
[Date "2023.10.31"]
[WhiteClock "0:00:19"]
[BlackClock "0:00:07"]
[Board "25"]

1. d4 Nf6 2. Bg5 Ne4 3. h4 c5 4. dxc5 Qa5+ 5. Nd2 Nxg5 6. hxg5 g6 7. c3 Qxc5 8. Ngf3 Bg7 9. e3 b6 10. Ne4 Qc7 11. Nd4 a6 12. Qf3 Bb7 13. Bc4 d5 14. Bb3 Nd7 15. Ng3 e6 16. Rd1 Nc5 17. Bc2 O-O-O 18. Kf1 e5 19. b4 Ne4 20. Nde2 Kb8 21. Bb3 Nxc3 22. Nxc3 Qxc3 23. Qxf7 Rhf8 24. Qxg7 Qxe3 25. f3 Rxf3+ 26. gxf3 Qxf3+ 27. Kg1 Qxg3+ 28. Kf1 Qf3+ 29. Kg1 Qg3+ 30. Kf1 Qf3+ 31. Kg1 Qg3+ 1/2-1/2


[Site "https://www.chess.com"]

[Event "Titled Tuesday Blitz October 31 Late 2023"]
[White "Bauman_Guy"]
[Black "Pinheiro, Iung Alicio de O."]
[BlackFideId "2104350"]
[WhiteElo "2909"]
[BlackElo "2644"]
[Result "1-0"]
[Round "6"]
[TimeControl "180+1"]
[Date "2023.10.31"]
[WhiteClock "0:00:16"]
[BlackClock "0:00:00"]
[Board "26"]

1. e4 c5 2. Nf3 Nc6 3. d4 cxd4 4. Nxd4 e5 5. Nb5 d6 6. a4 Be7 7. N1c3 a6 8. Na3 Be6 9. Bc4 Nb4 10. O-O Nf6 11. Bg5 Rc8 12. Bxf6 Bxf6 13. Nd5 Nxd5 14. Bxd5 Qc7 15. c3 O-O 16. Qb3 Bd7 17. Rfd1 Rb8 18. Nc4 Bxa4 19. Rxa4 b5 20. Rxa6 bxc4 21. Qa2 Be7 22. Ra7 Qd8 23. Bxc4 g6 24. b4 Kg7 25. Qa5 h5 26. Qxd8 Bxd8 27. Rxd6 Rc8 28. Bd5 Rxc3 29. g3 Rd3 30. Rdd7 Bb6 31. Rxf7+ Rxf7 32. Rxf7+ Kh6 33. Kg2 Rd2 34. b5 Bd4 35. h4 Rb2 36. Bc6 g5 37. Rf6+ Kg7 38. hxg5 Bc5 39. Rf5 Bd4 40. Be8 Rb3 41. f4 Rb2+ 42. Kh3 Bg1 43. g4 Rh2+ 44. Kg3 h4+ 45. Kf3 Rf2+ 46. Ke3 Rxf4+ 47. Kd3 Rxg4 48. g6 h3 49. Rf7+ Kxg6 50. Rh7+ Kg5 51. Rxh3 Bd4 52. Rh5+ Kf6 53. Bc6 Rg3+ 54. Kc4 Rc3+ 55. Kb4 Rc1 56. Rh6+ Ke7 57. Bd5 Rb1+ 58. Bb3 Rc1 59. b6 Kd7 60. Rh7+ Kc8 61. b7+ Kb8 62. Bd5 Rb1+ 63. Kc4 Rc1+ 64. Kd3 1-0


[Site "https://www.chess.com"]